 Dungeon Crawl Stone Soup version 0.17-b1-20-g63edfd6 (webtiles) character file.

260557 hexophile the Merfolkian Porcupine (level 19, -4/149 HPs)
             Began as a Merfolk Fighter on Nov 4, 2015.
             Was a High Priest of Okawaru.
             Slain by a stone giant (29 damage)
             ... on level 3 of the Vaults.
             The game lasted 01:17:40 (36921 turns).

hexophile the Merfolkian Porcupine (MfFi)          Turns: 36921, Time: 01:17:40

Health: -4/149     AC: 27    Str: 22    XL:     19   Next: 93%
Magic:  30/37      EV: 27    Int:  7    God:    Okawaru [*****.]
Gold:   2672       SH:  0    Dex: 20    Spells: 2 memorised, 16 levels left

rFire  + + .     SeeInvis +     w - +7 bardiche of Wime {venom, MP+9}
rCold  . . .     Clarity  +     M - +2 plate armour {rF+} {rF+}
rNeg   . . .     SustAt   .     (shield currently unavailable)
rPois  +         Gourm    .     g - +0 helmet
rElec  .         Spirit   .     A - +2 cloak {rPois} {rPois}
rCorr  .         Warding  .     S - +0 pair of gloves "Boemmuu" {rF+ Str-3 Dex+7}
rMut   .         Stasis   .     (no boots)
MR     +....                    y - amulet of clarity {Clar}
Stlth  ..........               O - +4 ring of evasion
                                D - ring of see invisible {SInv}

@: heroism, finesse, marked, very slightly contaminated, hasted, very quick,
somewhat resistant to hostile enchantments, extremely unstealthy
A: change form in water, swift swim
a: Heroism, Finesse, Renounce Religion
}: 2/15 runes: barnacled, gossamer


You were on level 3 of the Vaults.
You worshipped Okawaru.
Okawaru was extremely pleased with you.
You were not hungry.

You visited 7 branches of the dungeon, and saw 37 of its levels.

You collected 2757 gold pieces.
You spent 85 gold pieces at shops.

Inventory:

Hand Weapons
 q - a +6 demon trident of piercing
 w - the +7 bardiche of Wime (weapon) {venom, MP+9}
   (You acquired it on level 3 of the Lair of Beasts)

   It poisons the flesh of those it strikes.
   It affects your magic capacity (+9).
 P - the +5 scythe "Finisher" {speed, Str+3}
   (Okawaru gifted it to you on level 3 of the Vaults)

   Attacks with this weapon are significantly faster.
   It affects your strength (+3).
 U - a +1 bardiche of flaming
 W - a +0 triple sword of electrocution
Armour
 g - a +0 helmet (worn)
 A - a +2 cloak of poison resistance (worn) {rPois}
 M - a +2 plate armour of fire resistance (worn) {rF+}
 S - the +0 pair of gloves "Boemmuu" (worn) {rF+ Str-3 Dex+7}
   (You found it on level 7 of the Lair of Beasts)

   It affects your strength (-3).
   It affects your dexterity (+7).
   It protects you from fire.
Jewellery
 j - an uncursed amulet of resist mutation {rMut}
 u - an uncursed ring of teleportation {+/*tele}
 x - an uncursed amulet of stasis {Stasis}
 y - an amulet of clarity (around neck) {Clar}
 z - an uncursed ring of protection from cold {rC+}
 D - a ring of see invisible (left hand) {SInv}
 O - a +4 ring of evasion (right hand)
Wands
 b - a wand of digging (1)
 c - a wand of disintegration (16)
 h - a wand of fire (13)
 t - a wand of fireball (1)
 v - a wand of lightning (8)
 G - a wand of teleportation (0) {!V}
 R - a wand of draining (9)
 V - a wand of heal wounds (0) {!V}
Scrolls
 d - 3 scrolls of magic mapping
 l - a scroll of fog
 m - a scroll of blinking
 n - 8 scrolls of identify
 o - 11 scrolls of remove curse
 p - 3 scrolls of enchant armour
 J - 4 scrolls of fear
Potions
 a - 2 potions of flight
 k - a potion of resistance
 r - 2 potions of might
 s - a potion of curing
 B - a potion of brilliance
 E - a potion of magic
 F - 2 potions of heal wounds
 K - 4 potions of berserk rage
 L - 2 potions of cancellation
Miscellaneous
 f - a fan of gales
 C - a phial of floods
 T - a lamp of fire
Comestibles
 e - 12 bread rations
 H - 14 meat rations
 I - 2 beef jerkies
 N - 6 fruits


You had 16 spell levels left.
You knew the following spells:

 Your Spells              Type           Power        Failure   Level  Hunger
a - Summon Butterflies    Summ           #.......     100%        1    ##.....
z - Apportation           Tloc           #.........   100%        1    ##.....


   Skills:
 + Level 13.2(18.2) Fighting
 O Level 27 Polearms
 + Level 12.6(17.6) Armour
 - Level 18.7(23.7) Dodging
   Level 3.0(8.0) Shields
 - Level 5.8 Invocations
 * Level 12.0 Evocations

Dungeon Overview and Level Annotations

Branches:
Dungeon (13/15)            Temple (1/1) D:6            Lair (8/8) D:9
 Shoals (4/4) Lair:3       Spider (4/4) Lair:5        Slime (0/6) Lair:8
    Orc (4/4) D:11         Vaults (3/5) D:13          Crypt (0/3) Vaults:2
    Elf: Orc:3-4

Altars:
Ashenzari
Cheibriados
Dithmenos
Elyvilon
Fedhas
Gozag
Kikubaaqudgha
Makhleb
Nemelex Xobeh
Okawaru
Qazlal
Ru
Sif Muna
Trog
Vehumet
Xom
Yredelemnul
Zin
The Shining One
Jiyva

Shops:
Orc:2 %   Orc:4 %%*(   Vaults:1 ?

Annotations:
D:4 Hanyuu's ghost, amateur OpTm
D:7 2 exclusions
D:11 exclusion: downstairs
Shoals:4 Ilsuiw

Vault maps used:
D:1:      dpeg_arrival_simpleton_c
D:2:      uniq_terence
D:3:      yredelemnul_forgotten_temple_becter, lightli_temple_of_fire,
          ecumenical_altar_1, trog_hazing_becter
D:4:      overflow_temple_1_default, first_bread, lemuel_blue_sif_altar,
          uniq_grinder
D:6:      minmay_temple_entry_poolview, uniq_pikel, uniq_sigmund
D:7:      grunt_temple_overflow_open, grunt_ogre_cave, uniq_menkaure
D:8:      amethyst_overflow_temple_binary
D:9:      grunt_qazlal_sundering, dpeg_lair_monsters
D:11:     orc_0_dummy
D:12:     basic_altar
D:13:     hangedman_vaults_entry_quadrant_bands
Temple:   bh_familiar_temple
Lair:1:   beast_lair_carwin_7
Lair:3:   minmay_shoals_entry_beasts, grunt_forest_stairs_basic,
          cheibrodos_lair_reptile_den
Lair:4:   uniq_rupert, uniq_nergalle
Lair:5:   spider_nest_entry_web_field, beast_lair_carwin_5
Lair:6:   basic_altar
Lair:7:   infiniplex_staircase_pool
Lair:8:   minmay_lair_end_frog_pond, slime_altar_2
Shoals:1: ldierk_geyser
Shoals:2: uniq_kirke
Shoals:3: cheibrodos_shoals_oceanic_diplomacy, uniq_nikola, uniq_aizul
Shoals:4: shoals_end_simple, shoals_ilsuiw_alternative
Spider:2: nicolae_spider_mines_1, nicolae_spider_stair_cavern
Spider:3: uniq_arachne
Spider:4: spider_rune_water
Orc:1:    guppyfry_library_mini
Orc:2:    serial_shops, nicolae_shop_stone
Orc:3:    nicolae_orc_accident_1, serial_shops, shop, nicolae_orc_pool_cavern
Orc:4:    st_orc_mages, elf_legates
Vaults:1: vaults_mumra_hex, grunt_vaults_funnel, hangedman_vaults_snaps,
          hangedman_vaults_corner, serial_ice_m, ontoclasm_vaults_shuriken,
          vaults_dpeg_diagonal, vaults_room_pool, vaults_room_door_ring,
          nicolae_vaults_ring_of_whatevers, nicolae_vaults_shelves_hall,
          serial_shops, shop_scrolls, uniq_saint_roka
Vaults:2: v_misc_29, ontoclasm_vaults_ring_small, v_misc_12,
          minmay_crypt_entry_necro_gods, ontoclasm_vaults_decontamination,
          nicolae_vaults_angled_halls, vaults_mumra_minichess_inversion,
          vaults_room_stairs_pillars, v_alt_pattern_6, uniq_jory, uniq_mara,
          uniq_boris
Vaults:3: ontoclasm_vaults_spin, vaults_mumra_minichess, v_misc_24, v_misc_17,
          nicolae_vaults_what_the_h, v_pattern_4, v_alt_pattern_1,
          nicolae_vaults_little_squares_2, v_misc_3, vaults_mumra_hexcomb,
          hangedman_vaults_stretched_pinwheel, nicolae_vaults_theta,
          uniq_sojobo, uniq_jorgrun, uniq_norris
You       could see a stone giant, a great orb of eyes, 2 vault sentinels, 3
          yaktaurs and a queen bee.


Message History

You feel better.
Drink which item? (? for menu, Esc to quit)
You feel better.
Drink which item? (? for menu, Esc to quit)
Okay, then.
Evoke which item? (* to show all) (? for menu, Esc to quit)
Really evoke
V - a wand of heal wounds (1) {!V}?
Zapping:
V - a wand of heal wounds (1) {!V}
Press: ? - help, Shift-Dir - straight line, f - you You feel much better.
This wand has 0 charges left.
Your hands slow down.
Read which item? (? for menu, Esc to quit)
Okay, then.
Drink which item? (? for menu, Esc to quit)
You feel yourself speed up.
Unknown command.
You gain the combat prowess of a mighty hero.
You feel slightly more hungry.
You can now deal lightning-fast blows.
You feel somewhat more hungry.
A vault sentinel comes into view. It is wielding a falchion.
The vault sentinel blows a loud note on a signal horn!
The yaktaur captain shoots a bolt.
The bolt completely misses you.
The yaktaur captain unwields an uncursed arbalest.
The yaktaur captain hits you but does no damage.
You carve the yaktaur captain like a ham!!!
The yaktaur captain is poisoned.
The yaktaur captain is severely wounded.
You open the yaktaur captain like a pillowcase!!!
You kill the yaktaur captain!
Okawaru accepts your kill.
Your Evocations skill increases to level 12!
The vault sentinel blows a loud note on a signal horn!
You slash the stone giant!
The stone giant is poisoned.
The stone giant is lightly wounded.
The stone giant hits you!!
* * * LOW HITPOINT WARNING * * *
You hit the stone giant but do no damage.
The stone giant looks even sicker.
The stone giant is lightly wounded.
The vault sentinel casts a spell at you.
The mark upon you grows brighter.
Unknown command.
You hit the stone giant but do no damage.
The stone giant is lightly wounded.
Unknown command.
You slash the stone giant!
The stone giant is lightly wounded.
The stone giant hits you!!
You die...

Action                   |  1- 3 |  4- 6 |  7- 9 | 10-12 | 13-15 | 16-18 | 19-21 || total
-------------------------+-------+-------+-------+-------+-------+-------+-------++-------
Melee: Trident           |    56 |   160 |   521 |     1 |       |       |       ||   738
       Halberd           |       |       |       |   183 |       |       |       ||   183
       Glaive            |       |       |       |   346 |       |       |       ||   346
       Bardiche          |       |       |       |   154 |  1163 |  1593 |   362 ||  3272
       Demon trident     |       |       |       |     8 |    33 |       |       ||    41
Invok: Heroism           |       |       |     5 |    27 |    33 |    32 |     7 ||   104
       Finesse           |       |       |       |     2 |     7 |    10 |     4 ||    23
Evoke: Wand              |       |       |       |    16 |    10 |    17 |     1 ||    44
  Use: Potion            |       |     2 |     5 |    12 |     5 |     7 |     3 ||    34
       Scroll            |       |       |    14 |    15 |     5 |    19 |     2 ||    55
 Stab: Distracted        |       |       |       |       |     1 |     2 |       ||     3
       Confused          |       |       |       |       |     1 |       |       ||     1
  Eat: Chunk             |       |     5 |    13 |    19 |    30 |    17 |     5 ||    89
       Bread ration      |       |       |     1 |     1 |       |     3 |     1 ||     6
       Fruit             |       |       |       |     5 |     5 |     1 |       ||    11
       Beef jerky        |       |       |       |       |     1 |     1 |       ||     2
       Pizza             |       |       |       |       |     3 |     2 |       ||     5

Notes
Turn   | Place    | Note
--------------------------------------------------------------
     0 | D:1      | hexophile the Merfolk Fighter began the quest for the Orb.
     0 | D:1      | Reached XP level 1. HP: 18/18 MP: 1/1
   172 | D:1      | Reached skill level 4 in Polearms
   172 | D:1      | Reached XP level 2. HP: 24/24 MP: 2/2
   443 | D:2      | Reached skill level 5 in Polearms
   443 | D:2      | Reached XP level 3. HP: 19/29 MP: 3/3
   645 | D:2      | Noticed Terence
   665 | D:2      | Killed Terence
   670 | D:2      | Reached skill level 6 in Polearms
   670 | D:2      | Reached XP level 4. HP: 27/35 MP: 4/4
   782 | D:2      | You fall through a shaft for 2 floors!
   816 | D:4      | Noticed Grinder
   826 | D:4      | Found a shattered altar of Ashenzari.
   834 | D:4      | Killed Grinder
   834 | D:4      | Reached skill level 9 in Polearms
   834 | D:4      | Reached XP level 5. HP: 16/41 MP: 5/5
   834 | D:4      | Reached XP level 6. HP: 18/47 MP: 6/6
   854 | D:4      | Noticed a giant frog
   863 | D:4      | Killed a giant frog
  1452 | D:3      | Found a basalt altar of Yredelemnul.
  1479 | D:3      | Found a faded altar to an unknown god.
  1671 | D:3      | Found a burning altar of Makhleb.
  1722 | D:3      | Found a bloodstained altar of Trog.
  2020 | D:4      | Found a deep blue altar of Sif Muna.
  2084 | D:4      | Noticed Hanyuu's ghost (amateur OpTm)
  2140 | D:5      | Entered Level 5 of the Dungeon
  2328 | D:5      | Reached skill level 10 in Polearms
  2386 | D:5      | Reached XP level 7. HP: 35/53 MP: 7/7
  2559 | D:5      | Reached skill level 4 in Fighting
  3534 | D:6      | Reached skill level 11 in Polearms
  3691 | D:6      | Found a staircase to the Ecumenical Temple.
  3741 | Temple   | Entered the Ecumenical Temple
  3895 | Temple   | Became a worshipper of Warmaster Okawaru
  3971 | D:6      | Noticed a hill giant
  4032 | D:7      | Reached XP level 8. HP: 35/61 MP: 8/8
  4201 | D:7      | Reached skill level 12 in Polearms
  4238 | D:7      | Found a glowing silver altar of Zin.
  4256 | D:7      | Found a radiant altar of Vehumet.
  4296 | D:7      | Reached skill level 1 in Dodging
  4399 | D:7      | Noticed a hungry ghost
  4423 | D:7      | Killed a hungry ghost
  4423 | D:7      | Reached * piety under Okawaru
  4423 | D:7      | Reached skill level 5 in Fighting
  4423 | D:7      | Reached skill level 2 in Dodging
  4448 | D:7      | Reached skill level 3 in Dodging
  4748 | D:7      | Reached skill level 4 in Dodging
  4777 | D:7      | Reached skill level 6 in Fighting
  4800 | D:7      | Noticed Menkaure
  4821 | D:7      | Killed Menkaure
  4821 | D:7      | Reached skill level 5 in Dodging
  5248 | D:7      | Reached ** piety under Okawaru
  5248 | D:7      | Reached skill level 7 in Fighting
  5248 | D:7      | Reached XP level 9. HP: 66/72 MP: 9/9
  5303 | D:7      | Reached skill level 6 in Dodging
  5633 | D:8      | Reached skill level 1 in Invocations
  5991 | D:8      | Found a blossoming altar of Fedhas.
  5991 | D:8      | Found a sacrificial altar of Ru.
  5999 | D:8      | Reached skill level 7 in Dodging
  5999 | D:8      | Reached skill level 2 in Invocations
  6111 | D:9      | Reached skill level 3 in Invocations
  6164 | D:9      | Found a stormy altar of Qazlal.
  6217 | D:9      | Noticed a spiny frog
  6255 | D:8      | Reached skill level 8 in Dodging
  6255 | D:8      | Reached skill level 4 in Invocations
  6426 | D:9      | Found a staircase to the Lair.
  6443 | D:9      | Killed a spiny frog
  6443 | D:9      | Reached skill level 9 in Dodging
  6443 | D:9      | Reached skill level 5 in Invocations
  6448 | D:9      | Noticed a komodo dragon
  6490 | D:9      | Killed a komodo dragon
  6490 | D:9      | Reached *** piety under Okawaru
  6490 | D:9      | Reached XP level 10. HP: 35/79 MP: 10/14
  6552 | D:9      | Reached skill level 13 in Polearms
  6575 | D:8      | HP: 3/79 [killer bee (5)]
  6878 | D:9      | Reached **** piety under Okawaru
  6898 | D:9      | Reached skill level 8 in Fighting
  7103 | D:9      | Reached skill level 14 in Polearms
  7532 | D:10     | Entered Level 10 of the Dungeon
  7963 | D:10     | Reached skill level 9 in Fighting
  8527 | D:11     | Noticed a white ugly thing
  8792 | Lair:1   | Entered Level 1 of the Lair of Beasts
  8803 | Lair:1   | Reached XP level 11. HP: 84/89 MP: 15/15
  8852 | Lair:1   | Reached skill level 15 in Polearms
  9308 | Lair:1   | Reached skill level 10 in Fighting
  9893 | Lair:1   | Reached skill level 10 in Dodging
 10020 | Lair:1   | Reached skill level 3 in Armour
 10598 | Lair:2   | Noticed a five-headed hydra
 10609 | Lair:2   | Killed a five-headed hydra
 10609 | Lair:2   | Reached skill level 16 in Polearms
 11070 | Lair:2   | Reached ***** piety under Okawaru
 11070 | Lair:2   | Reached skill level 4 in Armour
 11343 | Lair:3   | Reached skill level 11 in Dodging
 11445 | Lair:3   | Reached XP level 12. HP: 23/97 MP: 13/16
 11863 | Lair:3   | Identified 2 scrolls of acquirement
 11866 | Lair:3   | Got a crude bardiche
 11867 | Lair:3   | Identified the +7 bardiche of Wime {venom, MP+9} (You acquired it on level 3 of the Lair of Beasts)
 12185 | Lair:3   | Noticed a five-headed hydra
 12201 | Lair:3   | Killed a five-headed hydra
 12362 | Lair:3   | Got a warped halberd
 12363 | Lair:3   | Identified the +1 halberd "Osiujaf" {chop, *Drain MP+9 Str+4} (You acquired it on level 3 of the Lair of Beasts)
 12373 | Lair:3   | Reached skill level 17 in Polearms
 12373 | Lair:3   | Reached skill level 5 in Armour
 12391 | Lair:4   | Learned a level 1 spell: Apportation
 12393 | Lair:4   | Learned a level 1 spell: Summon Butterflies
 12664 | Lair:4   | Reached skill level 12 in Dodging
 12714 | Lair:4   | Noticed Nergalle
 12751 | Lair:4   | Killed Nergalle
 12813 | Lair:4   | Noticed Rupert
 13161 | Lair:4   | Paralysed by Rupert for 4 turns
 13169 | Lair:4   | Killed Rupert
 13316 | Lair:4   | Reached skill level 18 in Polearms
 13812 | Lair:5   | Received a gift from Okawaru
 13831 | Lair:5   | Reached skill level 6 in Armour
 13831 | Lair:5   | Reached XP level 13. HP: 100/103 MP: 17/17
 13870 | Lair:5   | Reached skill level 13 in Dodging
 13980 | Lair:5   | Reached skill level 19 in Polearms
 14006 | Lair:5   | Noticed a five-headed hydra
 14013 | Lair:5   | Killed a five-headed hydra
 14020 | Lair:5   | Found a hole to the Spider Nest.
 14173 | Lair:5   | Received a gift from Okawaru
 14486 | Lair:6   | Got a slimy short sword
 14649 | Lair:6   | Found a basalt altar of Yredelemnul.
 14984 | Lair:7   | Got a pair of brightly glowing gloves
 14997 | Lair:7   | Identified the cursed +0 pair of gloves "Boemmuu" {rF+ Str-3 Dex+7} (You found it on level 7 of the Lair of Beasts)
 15009 | Lair:7   | Reached skill level 20 in Polearms
 15011 | Lair:7   | Received a gift from Okawaru
 15054 | Lair:7   | Reached skill level 14 in Dodging
 15316 | Lair:7   | Reached skill level 7 in Armour
 15645 | Lair:7   | Reached XP level 14. HP: 83/110 MP: 18/18
 15988 | Lair:8   | Entered Level 8 of the Lair of Beasts
 16178 | Lair:8   | Reached skill level 21 in Polearms
 16523 | Lair:8   | Found a runed door.
 16530 | Lair:8   | Found a viscous altar of Jiyva.
 16540 | Lair:8   | Found a staircase to the Slime Pits.
 17181 | Lair:8   | Got a transparent robe
 17935 | Lair:3   | Reached skill level 15 in Dodging
 18112 | Lair:3   | Found a staircase to the Shoals.
 18136 | Shoals:1 | Entered Level 1 of the Shoals
 18202 | Shoals:1 | Reached skill level 8 in Armour
 18387 | Shoals:1 | Received a gift from Okawaru
 18391 | Shoals:1 | Reached skill level 22 in Polearms
 19034 | D:10     | Killed a white ugly thing
 19261 | D:11     | Found a staircase to the Orcish Mines.
 19312 | Orc:1    | Entered Level 1 of the Orcish Mines
 19422 | Orc:2    | Found Ijajok's Food Shop.
 19601 | Orc:2    | Received a gift from Okawaru
 20091 | Orc:4    | Entered Level 4 of the Orcish Mines
 20222 | Orc:4    | Reached XP level 15. HP: 85/115 MP: 19/19
 20225 | Orc:4    | Found Kuuruss's Antique Weapon Shop.
 20225 | Orc:4    | Found Ycsured's Food Boutique.
 20225 | Orc:4    | Found Cigruag's Assorted Antiques.
 20271 | Orc:4    | Found Suwom's Food Boutique.
 20278 | Orc:4    | Bought a scroll labeled MOMIMPASOZ for 37 gold pieces
 20976 | Orc:4    | Noticed an orc warlord
 20989 | Orc:4    | Killed an orc warlord
 21244 | Orc:4    | Got an ichor-stained scimitar {freeze}
 21649 | Spider:1 | Entered Level 1 of the Spider Nest
 21682 | Spider:1 | Reached skill level 16 in Dodging
 21794 | Spider:2 | Reached skill level 23 in Polearms
 21980 | Spider:3 | Noticed Arachne
 22020 | Spider:3 | Killed Arachne
 22020 | Spider:3 | Reached skill level 9 in Armour
 22567 | Spider:4 | Entered Level 4 of the Spider Nest
 23770 | Spider:4 | Reached skill level 24 in Polearms
 23774 | Spider:4 | Received a gift from Okawaru
 23960 | Spider:4 | Reached XP level 16. HP: 109/122 MP: 20/20
 24118 | Spider:4 | Reached skill level 17 in Dodging
 24251 | Spider:4 | Got a gossamer rune of Zot
 24899 | Shoals:2 | Noticed a kraken
 24916 | Shoals:2 | Killed a kraken
 24916 | Shoals:2 | Received a gift from Okawaru
 25260 | Shoals:2 | Noticed Kirke
 25601 | Shoals:2 | Reached skill level 10 in Armour
 26182 | Shoals:3 | Reached skill level 25 in Polearms
 26401 | Shoals:3 | Noticed Aizul
 26416 | Shoals:3 | Killed Aizul
 26633 | Shoals:4 | Entered Level 4 of the Shoals
 27100 | Shoals:4 | Noticed Ilsuiw
 27529 | Shoals:4 | Reached skill level 18 in Dodging
 27563 | Shoals:4 | Reached XP level 17. HP: 83/128 MP: 21/21
 28102 | Shoals:4 | Got a barnacled rune of Zot
 28111 | Shoals:4 | Reached skill level 26 in Polearms
 28268 | Shoals:2 | Killed Kirke
 29358 | D:12     | Found a shadowy altar of Dithmenos.
 29798 | D:12     | Identified the Disquisition on Dusty Summoning
 30552 | D:13     | Reached skill level 11 in Armour
 30619 | D:13     | Received a gift from Okawaru
 30685 | D:13     | Found a gate to the Vaults.
 30839 | D:13     | Reached ****** piety under Okawaru
 31144 | Vaults:1 | Entered Level 1 of the Vaults
 31210 | Vaults:1 | Found Bihikk's Magic Scroll Shoppe.
 31226 | Vaults:1 | Bought a scroll of teleportation for 48 gold pieces
 31305 | Vaults:1 | Reached skill level 27 in Polearms
 31370 | Vaults:1 | Reached skill level 1 in Evocations
 31552 | Vaults:1 | Reached skill level 2 in Evocations
 31610 | Vaults:1 | Noticed Saint Roka
 31637 | Vaults:1 | HP: 4/128 [centaur warrior/longbow (4)]
 32189 | Vaults:1 | Reached skill level 3 in Evocations
 32189 | Vaults:1 | Reached XP level 18. HP: 112/136 MP: 22/22
 32344 | Vaults:1 | Received a gift from Okawaru
 32587 | Vaults:1 | Reached skill level 4 in Evocations
 32602 | Vaults:1 | Killed Saint Roka
 32691 | Vaults:1 | Reached skill level 5 in Evocations
 32992 | Vaults:2 | Noticed Jory
 33015 | Vaults:2 | Reached skill level 11 in Fighting
 33022 | Vaults:2 | Killed Jory
 33022 | Vaults:2 | Received a gift from Okawaru
 33022 | Vaults:2 | Reached skill level 6 in Evocations
 33366 | Vaults:2 | Reached skill level 7 in Evocations
 33885 | Vaults:2 | Found a staircase to the Crypt.
 33885 | Vaults:2 | Found a basalt altar of Yredelemnul.
 33887 | Vaults:2 | Found an ancient bone altar of Kikubaaqudgha.
 33925 | Vaults:2 | Noticed Boris
 33953 | Vaults:2 | Killed Boris
 33953 | Vaults:2 | Received a gift from Okawaru
 34471 | Vaults:2 | Reached skill level 8 in Evocations
 34914 | Vaults:2 | Noticed Mara
 34951 | Vaults:2 | Noticed hexophile's illusion
 34953 | Vaults:2 | Killed Mara
 34953 | Vaults:2 | Reached skill level 12 in Fighting
 34953 | Vaults:2 | Reached skill level 12 in Armour
 34953 | Vaults:2 | Reached skill level 9 in Evocations
 34953 | Vaults:2 | Reached XP level 19. HP: 118/146 MP: 26/26
 35053 | Vaults:2 | Received a gift from Okawaru
 35441 | Vaults:3 | Noticed Sojobo
 35458 | Vaults:3 | Reached skill level 10 in Evocations
 35785 | Vaults:3 | Killed Sojobo
 36085 | Vaults:3 | Noticed Jorgrun
 36085 | Vaults:3 | Noticed Norris
 36407 | Vaults:2 | Killed Norris
 36407 | Vaults:2 | Reached skill level 11 in Evocations
 36447 | Vaults:3 | Killed Jorgrun
 36823 | Vaults:3 | Received a gift from Okawaru
 36823 | Vaults:3 | Reached skill level 13 in Fighting
 36904 | Vaults:3 | HP: 6/149 [yaktaur captain/bolt (19)]
 36917 | Vaults:3 | Reached skill level 12 in Evocations
 36921 | Vaults:3 | Slain by a stone giant

Table legend:
 A = Turns spent in this place as a percentage of turns spent in the entire game.
 B = Non-inter-level travel turns spent in this place as a percentage of non-inter-level travel turns spent in the entire game.
 C = Inter-level travel turns spent in this place as a percentage of turns spent in this place.
 D = Turns resting spent in this place as a percentage of non-inter-level travel turns spent in this place.
 E = Turns spent auto-exploring this place as a percentage of non-inter-level travel turns spent in this place.
 F = Non-inter-level travel turns spent in this place divided by the number of levels of this place that you've seen.
                   A       B       C       D       E      F
               +-------+-------+-------+-------+-------+----------------------
         Total | 100.0 | 100.0 |   0.4 |   3.7 |   8.2 | 363.4
       Dungeon |  28.7 |  28.7 |   0.5 |   2.7 |  12.6 | 296.9
        Temple |   0.2 |   0.1 |   4.8 |   0.0 |  55.0 |  20.0
          Lair |  22.6 |  22.5 |   0.8 |   3.4 |   9.9 | 377.9
        Shoals |  16.0 |  16.1 |   0.0 |   5.1 |   0.8 | 540.8
   Spider Nest |   9.8 |   9.9 |   0.2 |   5.3 |   0.6 | 331.5
  Orcish Mines |   6.2 |   6.2 |   0.7 |   2.7 |  14.8 | 209.2
        Vaults |  16.4 |  16.5 |   0.3 |   4.1 |   6.7 | 738.3
               +-------+-------+-------+-------+-------+----------------------

Table legend:
 A = Kills in this place as a percentage of kills in entire the game.
 B = Kills by you in this place as a percentage of kills by you in the entire game.
 C = Kills by friends in this place as a percentage of kills by friends in the entire game.
 D = Other kills in this place as a percentage of other kills in the entire game.
 E = Experience gained in this place as a percentage of experience gained in the entire game.
 F = Experience gained in this place divided by the number of levels of this place that you have seen.
                   A       B       C       D       E      F
               +-------+-------+-------+-------+-------+----------------------
         Total | 100.0 | 100.0 |  -nan | 100.0 | 100.0 | 10645.8
       Dungeon |  26.7 |  26.8 |  -nan |   0.0 |   8.4 | 2539.7
          Lair |  23.7 |  23.7 |  -nan |   0.0 |  15.6 | 7688.9
        Shoals |   9.3 |   9.3 |  -nan |   0.0 |  17.1 | 16854.5
   Spider Nest |   9.3 |   9.3 |  -nan |   0.0 |  13.1 | 12921.0
  Orcish Mines |  11.2 |  11.2 |  -nan |   0.0 |   3.5 | 3400.5
        Vaults |  19.9 |  19.9 |  -nan | 100.0 |  42.3 | 55554.3
               +-------+-------+-------+-------+-------+----------------------

Vanquished Creatures
  Mara (Vaults:2)
  Sojobo (Vaults:3)
  Boris (Vaults:2)
  Norris (Vaults:2)
  Saint Roka (Vaults:1)
  Jory (Vaults:2)
  Arachne (Spider:3)
  Jorgrun (Vaults:3)
  Rupert (Lair:4)
  A kraken (Shoals:2)
  Kirke (Shoals:2)
  2 tengu reavers
  An orc warlord (Orc:4)
  5 vault wardens
  Aizul (Shoals:3)
  3 ghost moths
  4 emperor scorpions (Spider:4)
  2 very ugly things
  8 ironheart preservers
  5 stone giants
  A deep elf demonologist (Vaults:2)
  2 vault guards (Vaults:3)
  2 deep elf death magi
  3 merfolk javelineers (Shoals:4)
  A crystal guardian (Vaults:3)
  9 merfolk impalers
  6 ogre magi
  5 yaktaur captains
  2 ice dragons
  2 fire dragons
  7 centaur warriors
  3 merfolk avatars
  An alligator snapping turtle (Shoals:4)
  7 hydras
  A dancing weapon (Vaults:2)
  A satyr (Shoals:3)
  4 merfolk aquamancers
  5 death yaks (Lair:6)
  5 orc high priests (Orc:4)
  6 deep elf knights
  Nergalle (Lair:4)
  3 shadow wraiths
  A wizard (Vaults:3)
  A fire crab (shapeshifter) (Vaults:2)
  2 small abominations (Vaults:2)
  3 fire crabs
  5 skeletal warriors
  3 unseen horrors
  13 sea snakes
  17 harpies
  2 ironbrand convokers (Vaults:2)
  2 deep elf summoners (Vaults:2)
  A deep elf conjurer (Vaults:1)
  2 necromancers (Vaults:2)
  6 orc knights
  A tengu zombie (Vaults:2)
  11 orb spiders
  4 hornets (Spider:4)
  4 deep trolls (Vaults:2)
  2 hill giants
  20 wolf spiders
  2 orc sorcerers (Orc:4)
  6 fauns
  10 griffons
  2 water nymphs
  14 ugly things
  A moth of wrath (Spider:4)
  A hornet (shapeshifter) (Vaults:1)
  4 cyclopes
  6 manticores
  A stone giant skeleton (Vaults:2)
  8 vault sentinels
  3 elephants (Lair:5)
  3 black mambas
  4 sirens
  11 komodo dragons
  19 spiny frogs
  A torpor snail (Lair:7)
  A kobold demonologist (Vaults:2)
  An efreet (D:13)
  17 yaktaurs
  4 trolls
  7 demonic crawlers
  3 fire drakes
  11 two-headed ogres
  A tengu conjurer (D:13)
  5 deep elf priests
  25 merfolk
  A wind drake (Shoals:4)
  3 polar bears
  6 slime creatures
  Grinder (D:4)
  A giant leech (Lair:8)
  A tengu simulacrum (Vaults:2)
  3 freezing wraiths
  4 boulder beetles
  20 jumping spiders
  22 blink frogs
  7 snapping turtles
  5 tarantellas
  12 trapdoor spiders
  2 ettin skeletons (Vaults:2)
  18 redbacks
  10 hippogriffs
  70 yaks
  7 deep elf magi
  14 water elementals
  A basilisk (Lair:3)
  A fire bat (shapeshifter) (Vaults:2)
  18 vampire mosquitoes
  3 wraiths
  3 hungry ghosts
  A golden eye (shapeshifter) (Vaults:1)
  Menkaure (D:7)
  12 deep elf fighters
  A mottled dragon (Vaults:2)
  20 water moccasins
  2 wargs
  A mottled dragon (shapeshifter) (Vaults:3)
  7 wolves
  A deep troll skeleton (Vaults:2)
  13 porcupines
  A black bear (Lair:2)
  A water moccasin (shapeshifter) (Vaults:2)
  10 spiders
  2 ice beasts
  34 orc warriors
  An ettin simulacrum (Vaults:3)
  22 ogres
  3 sky beasts
  A wasp (Spider:4)
  A phantom (D:9)
  A boggart (Vaults:1)
  A crocodile (shapeshifter) (Vaults:2)
  An eye of draining (D:12)
  6 big kobolds
  19 centaurs
  24 crocodiles
  A gnoll sergeant (D:12)
  29 giant frogs
  A deep troll simulacrum (Vaults:2)
  A human skeleton (Vaults:2)
  2 scorpions
  3 wyvern skeletons
  5 killer bees
  15 wights
  3 crimson imps
  6 electric eels
  2 giant frog zombies
  3 centaur skeletons
  4 jellies
  25 orc priests
  2 centaur zombies
  2 human simulacra (Vaults:2)
  30 orc wizards
  9 hounds
  Terence (D:2)
  6 giant frog skeletons
  13 worker ants
  14 iguanas
  9 sheep
  11 adders
  6 gnolls (D:12)
  53 river rats
  A shadow imp (D:11)
  3 oozes
  2 adder skeletons
  2 giant geckos
  114 orcs
  6 bats
  3 giant cockroaches
  7 hobgoblins
  19 jackals
  18 kobolds
  4 quokkas
  3 ball pythons
  A giant cockroach zombie (D:5)
  A giant gecko skeleton (D:4)
  3 giant newts
  6 goblins
  A jackal zombie (D:8)
  2 rats
  A spectral orc (D:3)
  A crawling corpse (Vaults:2)
  A fungus (Lair:5)
  2 plants (Shoals:2)
  5 tentacles (Shoals:2)
1272 creatures vanquished.

Vanquished Creatures (others)
  A deep elf mage (Vaults:3)
  A giant frog skeleton (D:13)
  A fungus (Lair:2)
  11 plants
  2 tentacles (Shoals:2)
  396 tentacle segments (Shoals:2)
412 creatures vanquished.

Grand Total: 1684 creatures vanquished
